 Dungeon Crawl Stone Soup version 0.30.1-11-g7821555f0a (webtiles) character file.

Game seed: 17975025834010135321

2052 GimliDwarf the Magician (level 9, -1/58 (69) HPs)
             Began as a Gnoll Warper on Jan 9, 2024.
             Was a Follower of Qazlal.
             Slain by a wight
             ... wielding a +0 short sword
              (7 damage)
             ... on level 6 of the Dungeon.
             The game lasted 00:19:26 (7837 turns).

GimliDwarf the Magician (Gnoll Warper)              Turns: 7837, Time: 00:19:26

HP:   -1/58 (69)    AC:  7    Str: 10    XL:     9   Next: 25%
MP:   18/18         EV: 14    Int: 13    God:    Qazlal [*.....]
Gold: 442           SH:  1    Dex: 16    Spells: 12/21 levels left

rFire   . . .        o - +2 long sword
rCold   . . .        (no shield)
rNeg    . . .        b - +0 leather armour
rPois   .            a - +0 helmet
rElec   .            (no cloak)
rCorr   .            n - +1 pair of gloves
SInv    .            (no boots)
Will    .....        (no amulet)
Stlth   +++          j - ring of flight
HPRegen 0.29/turn    x - ring of wizardry
MPRegen 0.16/turn

%: wizardry (x1)
@: flying, heavily drained
A: fangs 1, strong nose, distributed training
a: Renounce Religion


You were on level 6 of the Dungeon.
You worshipped Qazlal.
Qazlal was aware of your devotion.
You visited 2 branches of the dungeon, and saw 7 of its levels.
You also visited: Sewer.

You collected 442 gold pieces.

Inventory:

Hand Weapons
 o - a +2 long sword (weapon)
Missiles
 p - a curare-tipped dart
 r - 10 poisoned darts (quivered)
Armour
 a - a +0 helmet (worn)
 b - a +0 leather armour (worn)
 n - a +1 pair of gloves (worn)
Jewellery
 j - a ring of flight (left hand)
 l - a +4 ring of protection
 x - a ring of wizardry (right hand)
 B - a ring of see invisible
Scrolls
 c - 2 scrolls of blinking
 h - a scroll of identify
 u - a scroll of enchant armour
 y - a scroll of torment {unknown}
 A - 2 scrolls of poison {unknown}
Potions
 d - 2 potions of heal wounds
 e - a potion of invisibility {unknown}
 f - a potion of attraction {unknown}
 g - 3 potions of haste
 i - 2 potions of curing
 k - a potion of might {unknown}
 m - 2 potions of cancellation
 q - a potion of experience {unknown}
 s - 3 potions of mutation
 t - 2 potions of flight {unknown}
 v - a potion of magic {unknown}
 w - a potion of ambrosia {unknown}
 z - a potion of lignification {unknown}


   Skills:
 + Level 6.3 Fighting
 + Level 4.2 Short Blades
 + Level 6.3 Long Blades
 + Level 4.2 Axes
 + Level 4.2 Maces & Flails
 + Level 4.2 Polearms
 + Level 4.2 Staves
 + Level 4.2 Ranged Weapons
 + Level 5.0 Throwing
 + Level 5.0 Armour
 + Level 6.3 Dodging
 + Level 4.2 Stealth
 + Level 4.2 Shields
 + Level 4.2 Unarmed Combat
 + Level 6.6 Spellcasting
 + Level 3.4 Conjurations
 + Level 3.4 Hexes
 + Level 3.4 Summonings
 + Level 3.4 Necromancy
 + Level 6.5 Translocations
 + Level 3.4 Transmutations
 + Level 3.4 Fire Magic
 + Level 3.4 Ice Magic
 + Level 3.4 Air Magic
 + Level 3.4 Earth Magic
 + Level 3.4 Poison Magic
 + Level 4.6 Invocations
 + Level 4.2 Evocations


You had 12 spell levels left.
You knew the following spells:

 Your Spells              Type           Power      Damage    Failure   Level
a - Blink                 Tloc           42%        N/A       1%          2
b - Vhi's Electric Charg  Tloc/Air       34%        N/A       3%          3
c - Manifold Assault      Tloc           21%        N/A       6%          4

Your spell library contained the following spells:

 Spells                   Type           Power      Damage    Failure   Level
 Lesser Beckoning         Tloc           42%        N/A       1%          2
 Teleport Other           Tloc           21%        N/A       1%          3
 Dazzling Flash           Conj/Hex       26%        N/A       6%          3
 Agony                    Necr           13%        N/A       45%         5
 Silence                  Hex/Air        6%         N/A       45%         5


Dungeon Overview and Level Annotations

Branches:
Dungeon (6/15)             Temple (1/1) D:6           Sewer (visited)

Altars:
Ashenzari
Cheibriados
Dithmenos
Elyvilon
Fedhas
Gozag
Hepliaklqana
Kikubaaqudgha
Makhleb
Nemelex Xobeh
Okawaru
Qazlal
Ru
Sif Muna
Trog
Uskayaw
Vehumet
Wu Jian
Xom
Yredelemnul
Zin
The Shining One

Annotations:
D:6 1 runed translucent door, Crazy Yiuf


Innate Abilities, Weirdness & Mutations

You have very sharp teeth.
Your uncanny sense of smell can sniff out nearby items.
Your experience applies equally to all skills.


Message History

The wight is almost destroyed.
The wight hits you with a +0 spear.
You hit the wight but do no damage.
The wight is almost destroyed.
The wight hits you with a +0 spear.
You hit the wight.
You destroy the wight!
Qazlal accepts your kill.
You hit the wight but do no damage. The wight barely misses you.
You slash the wight!
The wight is heavily damaged.
The wight hits you with a +1 great sword.
You closely miss the wight.
The wight is heavily damaged.
The wight misses you.
You hit the wight. You punch the wight, but do no damage.
The wight is severely damaged.
The wight hits you with a +1 great sword!
You feel drained.
You closely miss the wight.
The wight is severely damaged.
The wight closely misses you.
You closely miss the wight. Your punch misses the wight.
The wight is severely damaged.
The wight hits you with a +1 great sword.
You feel drained. You block the wight's attack.
You hit the wight.
The wight is almost destroyed.
The wight hits you with a +1 great sword!
* * * LOW HITPOINT WARNING * * *
You hit the wight.
You destroy the wight!
Qazlal accepts your kill.
You slash the wight! You bite the wight.
The wight is heavily damaged.
You block the wight's attack.
You barely miss the wight.
The wight is heavily damaged.
The wight hits you with a +0 short sword!
You die...

#.♣.....♣.##.# #...#...#####
#.........##.# ##...#...#...#
#...♣.♣....#.###.#.###.#.....
#................##...###...#
#.♣...z.♣..).#####.....#.###.
#....zz...#### #.#...#...#..
##.......#...# #.#####...#..
##.....####z# #.#...#...#..
####### #@# ##...))#.###.
#.#.#####.# ####...###...#
#.#.##.##.###.#.###.#.....
#.........##.#...#...#...#
###........+.#...#...#####
#.#...####.#...#...#...#
#.##.## ##.#.###.#.....
#.#### ####...###...# #.#
##### #...########


You could see a wight.

Vanquished Creatures
  Sigmund (D:5)
  Edmund (D:5)
  2 water moccasins
  2 ice beasts (D:5)
  2 ogres
  2 centaurs (D:6)
  A bullfrog (D:6)
  A scorpion (D:6)
  4 wights (D:6)
  2 howler monkeys
  5 hounds
  2 jellies
  A gnoll bouda (D:3)
  3 iguanas
  Terence (D:3)
  3 sleepcaps
  An orc wizard (D:4)
  5 gnolls (D:4)
  6 adders
  2 white imps (D:5)
  An ufetubus (D:5)
  3 worms
  2 dart slugs (D:2)
  7 orcs
  7 endoplasms
  3 giant cockroaches
  17 goblins
  4 hobgoblins
  6 jackals
  3 quokkas
  8 ball pythons
  6 bats
  6 frilled lizards
  3 kobolds
  9 rats
132 creatures vanquished.

Notes
Turn   | Place    | Note
-------+----------+-------------------------------------------
     0 | D:1      | GimliDwarf the Gnoll Warper began the quest for the Orb.
     0 | D:1      | Reached XP level 1. HP: 20/20 MP: 6/6
   399 | D:1      | Reached XP level 2. HP: 26/26 MP: 7/7
   402 | D:1      | Learned a level 2 spell: Blink
   496 | D:2      | Found a bloodstained altar of Trog.
   786 | D:2      | Reached skill level 5 in Spellcasting
   786 | D:2      | Reached XP level 3. HP: 31/31 MP: 7/9
   901 | D:2      | Reached skill level 1 in Invocations
   919 | D:2      | Found a faded altar of an unknown god.
  1141 | D:3      | Reached skill level 1 in Short Blades
  1141 | D:3      | Reached skill level 1 in Axes
  1141 | D:3      | Reached skill level 1 in Maces & Flails
  1141 | D:3      | Reached skill level 1 in Polearms
  1141 | D:3      | Reached skill level 1 in Staves
  1141 | D:3      | Reached skill level 1 in Ranged Weapons
  1141 | D:3      | Reached skill level 1 in Stealth
  1141 | D:3      | Reached skill level 1 in Shields
  1141 | D:3      | Reached skill level 1 in Unarmed Combat
  1141 | D:3      | Reached skill level 1 in Evocations
  1677 | D:3      | Reached XP level 4. HP: 38/38 MP: 11/11
  1683 | D:3      | Learned a level 3 spell: Vhi's Electric Charge
  1688 | D:3      | Learned a level 4 spell: Manifold Assault
  1803 | D:3      | Noticed Terence
  1811 | D:3      | Killed Terence
  1812 | D:3      | Reached skill level 1 in Conjurations
  1812 | D:3      | Reached skill level 1 in Hexes
  1812 | D:3      | Reached skill level 1 in Summonings
  1812 | D:3      | Reached skill level 1 in Necromancy
  1812 | D:3      | Reached skill level 1 in Transmutations
  1812 | D:3      | Reached skill level 1 in Fire Magic
  1812 | D:3      | Reached skill level 1 in Ice Magic
  1812 | D:3      | Reached skill level 1 in Air Magic
  1812 | D:3      | Reached skill level 1 in Earth Magic
  1812 | D:3      | Reached skill level 1 in Poison Magic
  1919 | D:3      | Found a shimmering blue altar of Sif Muna.
  1927 | D:3      | Found a glowing silver altar of Zin.
  2116 | D:3      | Reached XP level 5. HP: 43/43 MP: 12/12
  2455 | D:4      | Found a glowing drain.
  2465 | D:4      | Reached XP level 6. HP: 50/50 MP: 13/13
  2467 | Sewer    | Entered a sewer
  2531 | Sewer    | Noticed a water moccasin
  2546 | Sewer    | Killed a water moccasin
  2547 | Sewer    | Reached skill level 5 in Fighting
  2547 | Sewer    | Reached skill level 5 in Long Blades
  2547 | Sewer    | Reached skill level 5 in Dodging
  2913 | D:4      | Reached XP level 7. HP: 50/56 MP: 15/15
  3579 | D:5      | Entered Level 5 of the Dungeon
  3623 | D:5      | Noticed Sigmund
  3775 | D:5      | Found a stormy altar of Qazlal.
  3785 | D:5      | Became a worshipper of Qazlal Stormbringer
  5065 | D:5      | Noticed Edmund
  5129 | D:5      | Killed Edmund
  5130 | D:5      | Reached XP level 8. HP: 63/63 MP: 16/16
  5411 | D:5      | Killed Sigmund
  6059 | D:6      | Found a hide-covered altar of Uskayaw.
  6059 | D:6      | Found a burning altar of Makhleb.
  6066 | D:6      | Found a sparkling altar of Nemelex Xobeh.
  6068 | D:6      | Found a bloodstained altar of Trog.
  6070 | D:6      | Found a white marble altar of Elyvilon.
  6954 | D:6      | Reached XP level 9. HP: 67/69 MP: 18/18
  7031 | D:6      | Found a staircase to the Ecumenical Temple.
  7036 | Temple   | Entered the Ecumenical Temple
  7351 | D:6      | Found a runed translucent door.
  7352 | D:6      | Noticed Crazy Yiuf
  7607 | D:6      | Reached * piety under Qazlal
  7615 | D:6      | Reached skill level 5 in Throwing
  7615 | D:6      | Reached skill level 5 in Armour
  7837 | D:6      | Slain by a wight

Illustrated notes

Levels and vault maps discovered:
D:1:      spicycebolla_arrival_transporter_tutorial, layout_rooms
D:2:      layout_rooms, basic_altar, shapermc_ecumenical_altar_acropolis,
          dreamdust_princess_corridor
D:3:      layout_loops_corners, amethyst_overflow_temple_binary, serial_forest,
          infiniplex_forest_3_way, infiniplex_forest_lined_4_way,
          infiniplex_forest_lined_corner, infiniplex_forest_straight_2,
          infiniplex_forest_clump_C, infiniplex_forest_clump_medium,
          infiniplex_forest_straight_5, uniq_terence
D:4:      layout_basic, portal_sewer_entry_e, minmay_goblin_kobold_house
D:5:      layout_loops_ring, nicolae_qazlal_general_emergency, uniq_edmund,
          uniq_sigmund
D:6:      nicolae_cairo_tiling, layout_loops_corners,
          chequers_temple_overflow_minitemple, grunt_ministairs_10,
          minmay_ogre_servants, uniq_crazy_yiuf_cottage
Temple:   dpeg_chambers_temple

Skill      XL: |  1  2  3  4  5  6  7  8  9 |
---------------+----------------------------+-----
Spellcasting   | 5 6 |  6.6
Invocations    | 1 2 3 4 |  4.6
Short Blades   | 1 2 3 4 |  4.2
Axes           | 1 2 3 4 |  4.2
Maces & Flails | 1 2 3 4 |  4.2
Polearms       | 1 2 3 4 |  4.2
Staves         | 1 2 3 4 |  4.2
Ranged Weapons | 1 2 3 4 |  4.2
Stealth        | 1 2 3 4 |  4.2
Shields        | 1 2 3 4 |  4.2
Unarmed Combat | 1 2 3 4 |  4.2
Evocations     | 1 2 3 4 |  4.2
Conjurations   | 1 2 3 |  3.4
Hexes          | 1 2 3 |  3.4
Summonings     | 1 2 3 |  3.4
Necromancy     | 1 2 3 |  3.4
Transmutations | 1 2 3 |  3.4
Fire Magic     | 1 2 3 |  3.4
Ice Magic      | 1 2 3 |  3.4
Air Magic      | 1 2 3 |  3.4
Earth Magic    | 1 2 3 |  3.4
Poison Magic   | 1 2 3 |  3.4
Throwing       | 3 4 5 |  5.0
Armour         | 3 4 5 |  5.0
Fighting       | 5 6 |  6.3
Long Blades    | 5 6 |  6.3
Dodging        | 5 6 |  6.3
Translocations | 6 |  6.5

Action                     |  1- 3 |  4- 6 |  7- 9 || total
---------------------------+-------+-------+-------++-------
  Melee: Falchion          |    45 |       |       ||    45
         Bite              |    11 |    11 |    31 ||    53
         Long sword        |    72 |   139 |   280 ||   491
         Punch             |     1 |     2 |     5 ||     8
  Throw: Boomerang         |       |     7 |       ||     7
         Dart              |       |     8 |    30 ||    38
   Cast: Manifold Assault  |       |       |     4 ||     4
         Vhi's Electric Ch |       |       |     2 ||     2
    Use: Scroll            |       |     6 |    10 ||    16
         Potion            |       |       |     5 ||     5
   Stab: Sleeping          |     1 |     5 |     1 ||     7
 Armour: Leather armour    |    38 |    52 |    83 ||   173
  Dodge: Dodged            |    80 |    93 |   190 ||   363
  Block: Other             |       |       |     3 ||     3
